AoeStats
← Darkmaster

Lombardia

509206746Analyzed
2v2 RM · 5d ago on Sep 25, 2026· 30m 33s· 4 players
Game mode
Random Map
Map size
Medium (4 player)
Population
200
Speed
Normal
Resources
Standard
Victory
Conquest
Starting age
Dark Age
Ending age
Imperial Age
RankedLock teamsTeams togetherTeam positionsShared explorationLock speedFull tech treeHidden civsTurbo modeCheats
Victory
Defeat
🇦🇷 Japanese · Argentina
864
+19
🇦🇷 Khmer · Argentina
864
+19
🇦🇷 Hindustanis · Argentina
932
-19
🇦🇷 Persians · Argentina
922
-19
Deakoon
1:06 Loom
10:31 Feudal Age
14:32 Castle Age
Leonhard7186
8:19 Loom
10:53 Feudal Age
11:48 Horse Collar
11:54 Double-Bit Axe
21:54 Castle Age
20:10 Scale Mail Armor
23:49 Bow Saw
25:58 Gold Mining
27:19 Forging
Darkmaster
10:15 Feudal Age
10:53 Loom
11:47 Wheelbarrow
10:59 Town Watch
11:14 Double-Bit Axe
11:15 Horse Collar
11:48 Man-at-Arms
13:17 Gold Mining
15:26 Arson
29:36 Castle Age
30:53 Bow Saw
30:47 Heavy Plow
SunSorroWx
9:22 Loom
11:07 Feudal Age
16:08 Castle Age
15:50 Horse Collar
15:56 Double-Bit Axe
18:17 Wheelbarrow
18:00 Gold Mining
18:12 Heavy Plow
26:21 Hand Cart
25:53 Town Watch
26:21 Bow Saw
26:46 Stone Mining
26:47 Gold Mining
29:00 Ballistics
29:17 Fervor
29:30 Bloodlines
29:21 Husbandry
Connection lost

Rejoining the realm…

Still unreachable

The connection could not be restored.

Session expired

The server has moved on; the page needs a fresh start.